[Event "Titled Tuesday Blitz January 18 2022"]
[White "Kim, Sergey"]
[Black "Holt, Conrad"]
[WhiteFideId "13700570"]
[BlackFideId "2034387"]
[WhiteElo "2569"]
[BlackElo "2586"]
[Result "1/2-1/2"]
[Round "04"]
[TimeControl "180+1"]
[Date "2022.01.18"]
[WhiteClock "0:00:35"]
[BlackClock "0:00:47"]

1. d4 d5 2. c4 c6 3. Nf3 Nf6 4. Qc2 dxc4 5. Qxc4 Bf5 6. e3 Nbd7 7. Bd3 e6 8. O-O Bd6 9. Nbd2 Bg6 10. b3 e5 11. e4 O-O 12. Bb2 exd4 13. Bxd4 Re8 14. Rfe1 Qa5 15. Qc2 Bf4 16. Nc4 Qh5 17. e5 Nd5 18. Bxg6 hxg6 19. Qe4 f5 20. Qc2 g5 21. Qxf5 Re7 22. h3 Rf8 23. Qg4 Qxg4 24. hxg4 b5 25. Nd6 Nb4 26. Re2 c5 27. Bc3 Nc6 28. Nxb5 Ndxe5 29. Nxe5 Bxe5 30. Bxe5 Rxe5 31. Rae1 Rxe2 32. Rxe2 1/2-1/2


[Site "https://www.chess.com"]

[Event "Titled Tuesday Blitz January 18 2022"]
[White "Klenburg, Michael"]
[Black "Seo, Jung Min"]
[WhiteFideId "14102072"]
[BlackFideId "1734687"]
[WhiteElo "2359"]
[BlackElo "2401"]
[Result "1/2-1/2"]
[Round "04"]
[TimeControl "180+1"]
[Date "2022.01.18"]
[WhiteClock "0:00:07"]
[BlackClock "0:00:05"]

1. g3 Nf6 2. Bg2 e5 3. d3 d5 4. Nf3 Bd6 5. O-O h6 6. c4 dxc4 7. dxc4 e4 8. Nd4 O-O 9. Nc3 Re8 10. Ndb5 Bf5 11. Nxd6 cxd6 12. Bf4 Re6 13. Nb5 Nc6 14. Nxd6 Bg6 15. Nb5 Qb6 16. Be3 Qa5 17. a3 a6 18. b4 Qd8 19. Qxd8+ Rxd8 20. Nc3 Nd4 21. Bxd4 Rxd4 22. c5 b6 23. cxb6 Rxb6 24. Rad1 Rc4 25. Nd5 Nxd5 26. Rxd5 Rc2 27. e3 Ra2 28. Ra5 Rd6 29. h3 f5 30. g4 fxg4 31. hxg4 Rf6 32. g5 hxg5 33. Rxg5 Rxa3 34. Rg4 Bf5 35. Rg3 Rb3 36. Rc1 Rxb4 37. Bf1 Rbb6 38. Rc7 Rg6 39. Bc4+ Kh7 40. Rxg6 Rxg6+ 41. Kf1 Rf6 42. Ke1 Kh6 43. Ra7 Bc8 44. Bd5 Bf5 45. Bc4 g5 46. Rxa6 Rxa6 47. Bxa6 Kh5 48. Bb7 Kh4 49. Bc6 Kh3 50. Bb7 Kg2 51. Bc6 g4 52. Bb7 g3 53. fxg3 Kxg3 54. Kd2 Kf2 55. Bxe4 Bxe4 56. Kc3 Ba8 57. Kd4 Kf3 58. e4 Bxe4 1/2-1/2


[Site "https://www.chess.com"]

[Event "Titled Tuesday Blitz January 18 2022"]
[White "Klimkowski, Jan"]
[Black "Rozhkov, Viacheslav"]
[WhiteFideId "21856222"]
[BlackFideId "4181484"]
[WhiteElo "2172"]
[BlackElo "2324"]
[Result "1-0"]
[Round "04"]
[TimeControl "180+1"]
[Date "2022.01.18"]
[WhiteClock "0:00:34"]
[BlackClock "0:00:40"]

1. e4 c5 2. Nf3 d6 3. d4 cxd4 4. Nxd4 Nf6 5. Nc3 Nc6 6. Bg5 Bd7 7. Qd2 Rc8 8. O-O-O Nxd4 9. Qxd4 Qa5 10. f4 e5 11. Qd2 Rxc3 12. Qxc3 Qxa2 13. Bxf6 gxf6 14. Bc4 Qa1+ 15. Kd2 Qa4 16. Ra1 Qc6 17. Bd5 Qb6 18. Qe3 Qb4+ 19. Qc3 Qb6 20. Qe3 Qb4+ 21. Kc1 Bh6 22. g3 a6 23. c3 Qb5 24. Kc2 O-O 25. b4 Rc8 26. Kb2 Be6 27. Ra5 Qd7 28. Qd3 Bg7 29. f5 Bxd5 30. Rxd5 Bf8 31. g4 b5 32. h4 Rc4 33. g5 a5 34. gxf6 axb4 35. Rg1+ Kh8 36. Qg3 bxc3+ 37. Kc2 1-0


[Site "https://www.chess.com"]

[Event "Titled Tuesday Blitz January 18 2022"]
[White "Klukin, Kirill"]
[Black "Bodi, Tibor"]
[WhiteFideId "24199273"]
[BlackFideId "701084"]
[WhiteElo "2324"]
[BlackElo "2243"]
[Result "1-0"]
[Round "04"]
[TimeControl "180+1"]
[Date "2022.01.18"]
[WhiteClock "0:01:58"]
[BlackClock "0:01:02"]

1. e4 e6 2. Nf3 b6 3. d4 Bb7 4. Bd3 c5 5. c3 d5 6. e5 g6 7. O-O Bg7 8. Bg5 Ne7 9. Re1 h6 10. Bf6 Bxf6 11. exf6 Ng8 12. Bxg6 fxg6 13. Rxe6+ Kf7 14. Ne5+ Kxe6 15. Qg4+ Kxf6 16. Qxg6+ Ke7 17. Qg7+ Kd6 18. Nf7+ Ke7 19. Nxd8+ Kxd8 20. Qxh8 Nd7 21. Qxg8+ Kc7 22. Qg3+ Kc6 23. Nd2 Re8 24. Nf3 Nf6 25. Ne5+ Kb5 26. a4+ Ka5 27. Qg7 1-0


[Site "https://www.chess.com"]

[Event "Titled Tuesday Blitz January 18 2022"]
[White "Korchmar, Vasiliy"]
[Black "Weishaeutel, Moritz"]
[WhiteFideId "24131750"]
[BlackFideId "12967300"]
[WhiteElo "2370"]
[BlackElo "2002"]
[Result "1-0"]
[Round "04"]
[TimeControl "180+1"]
[Date "2022.01.18"]
[WhiteClock "0:00:44"]
[BlackClock "0:00:02"]

1. d4 Nf6 2. Bf4 d5 3. e3 c5 4. Nf3 Nc6 5. Nbd2 e6 6. c3 cxd4 7. exd4 Nh5 8. Bg3 Bd6 9. Bd3 Nf4 10. Bxf4 Bxf4 11. O-O O-O 12. Re1 Qc7 13. Nf1 g6 14. Ne3 Bd7 15. g3 Bh6 16. h4 Rae8 17. h5 Qd6 18. Ng4 Bg7 19. hxg6 hxg6 20. Kg2 e5 21. dxe5 Nxe5 22. Nfxe5 Bxe5 23. Rh1 Bc6 24. Nh6+ Kg7 25. Qg4 d4+ 26. f3 Bd7 27. Bf5 Re7 28. Rad1 d3 29. Bxd7 Qxd7 30. Qh4 Rfe8 31. Ng4 Kf8 32. Nxe5 Rxe5 33. Qh8+ 1-0


[Site "https://www.chess.com"]

[Event "Titled Tuesday Blitz January 18 2022"]
[White "Kosakowski, Jakub"]
[Black "Seemann, Jakub"]
[WhiteFideId "1185080"]
[BlackFideId "21874697"]
[WhiteElo "2476"]
[BlackElo "2003"]
[Result "1-0"]
[Round "04"]
[TimeControl "180+1"]
[Date "2022.01.18"]
[WhiteClock "0:00:11"]
[BlackClock "0:00:01"]

1. Nf3 Nf6 2. d4 e6 3. Bf4 d5 4. e3 Bd6 5. Bg3 O-O 6. Nbd2 c5 7. c3 Qc7 8. Ne5 Nfd7 9. Bd3 g6 10. Ndf3 f6 11. Nxd7 Nxd7 12. Bxd6 Qxd6 13. O-O e5 14. dxe5 Nxe5 15. Be2 Be6 16. Qc2 Rad8 17. Rfd1 Nxf3+ 18. Bxf3 Qe5 19. Rd2 Rd7 20. Rad1 Rfd8 21. Qa4 b6 22. Qa6 Kg7 23. h3 h5 24. a4 h4 25. a5 Qc7 26. axb6 axb6 27. Qa2 Qe5 28. Qa4 g5 29. Qb5 Qc7 30. b4 d4 31. cxd4 cxd4 32. exd4 Qf4 33. d5 Bxh3 34. Rd4 Qf5 35. Qe2 Bxg2 36. Bxg2 h3 37. Bf3 Qh7 38. Bg4 Rb7 39. d6 Qh4 40. d7 Qh6 41. Qe7+ Kg6 42. Qxd8 1-0


[Site "https://www.chess.com"]

[Event "Titled Tuesday Blitz January 18 2022"]
[White "Kovalev, Egor"]
[Black "Santos Flores, Alberto"]
[WhiteFideId "24124117"]
[BlackFideId "3601234"]
[WhiteElo "2243"]
[BlackElo "2293"]
[Result "1-0"]
[Round "04"]
[TimeControl "180+1"]
[Date "2022.01.18"]
[WhiteClock "0:00:05"]
[BlackClock "0:01:41"]

1. e4 c5 2. Nf3 g6 3. d4 Bg7 4. Nc3 cxd4 5. Nxd4 Nc6 6. Be3 Nf6 7. Bc4 O-O 8. Bb3 d6 9. f3 Bd7 10. Qd2 Rc8 11. O-O-O Ne5 12. Kb1 a5 13. h4 h5 14. Bh6 Bxh6 15. Qxh6 Rxc3 16. bxc3 a4 17. f4 Nfg4 18. Qg5 axb3 19. fxe5 bxa2+ 20. Ka1 Nxe5 21. Nf5 Bxf5 22. exf5 Qa5 23. Rh3 Rc8 24. fxg6 fxg6 25. Qxe7 Rxc3 26. Qe6+ Kg7 27. Qe7+ Nf7 28. Rf1 1-0


[Site "https://www.chess.com"]

[Event "Titled Tuesday Blitz January 18 2022"]
[White "Kovalev, Vladislav"]
[Black "Goltsev, Dmitry"]
[WhiteFideId "13504398"]
[BlackFideId "24176710"]
[WhiteElo "2530"]
[BlackElo "2273"]
[Result "1-0"]
[Round "04"]
[TimeControl "180+1"]
[Date "2022.01.18"]
[WhiteClock "0:00:04"]
[BlackClock "0:00:02"]

1. e4 e6 2. Qe2 c5 3. g3 Nc6 4. Bg2 h5 5. Nf3 d6 6. O-O e5 7. c3 Be7 8. Na3 h4 9. Nc4 hxg3 10. hxg3 Bh3 11. Bxh3 Rxh3 12. Kg2 Qd7 13. d3 Rh8 14. Rh1 Rxh1 15. Kxh1 Qh3+ 16. Kg1 Nh6 17. Qf1 Qh5 18. Kg2 O-O-O 19. Bxh6 Qxh6 20. Qh1 Rh8 21. Qxh6 Rxh6 22. Ne3 Bf8 23. Nf5 Rh8 24. Ng5 Nd8 25. a4 f6 26. Nf3 Nc6 27. N3h4 Kd7 28. Ng6 Rg8 29. Rh1 Ne7 30. Nxf8+ Rxf8 31. Nxg7 d5 32. Rh7 Kd6 33. Nf5+ Nxf5 34. exf5 Kc6 35. g4 a6 36. Kf3 b5 37. axb5+ axb5 38. Re7 c4 39. Re6+ Kc5 40. Ke3 d4+ 41. Kd2 Kd5 42. Kc2 Rg8 43. f3 Rh8 44. dxc4+ bxc4 45. Rxf6 Rh2+ 46. Kb1 d3 47. Rf8 Kd6 48. f6 Ke6 49. g5 Rg2 50. Re8+ Kf7 51. Re7+ Kf8 52. Rd7 Rxg5 53. b3 Rf5 54. bxc4 Rxf3 55. c5 Rxf6 56. Rxd3 Rc6 57. Rd5 Ke7 58. Kc2 Ke6 59. c4 Rc8 60. Kc3 Kf5 61. Kb4 Ke6 62. Rd6+ Ke7 63. Kb5 e4 64. Rd4 e3 65. c6 Rb8+ 66. Kc5 Ra8 67. Re4+ Kd8 68. Kd6 Ra7 69. Rxe3 Rh7 70. Re6 Rg7 71. c7+ Rxc7 72. Re8+ Kxe8 73. Kxc7 Ke7 74. c5 1-0


[Site "https://www.chess.com"]

[Event "Titled Tuesday Blitz January 18 2022"]
[White "Krzywda, Andrzej"]
[Black "Hasangatin, Ramil"]
[WhiteFideId "1114565"]
[BlackFideId "4122160"]
[WhiteElo "2098"]
[BlackElo "2375"]
[Result "0-1"]
[Round "04"]
[TimeControl "180+1"]
[Date "2022.01.18"]
[WhiteClock "0:00:15"]
[BlackClock "0:00:54"]

1. d4 Nf6 2. Nf3 d6 3. g3 g6 4. Bg2 Bg7 5. O-O O-O 6. c4 c6 7. Qc2 Bf5 8. Qb3 Qb6 9. Nc3 Ne4 10. Be3 Nxc3 11. bxc3 Be4 12. Rfd1 Qc7 13. Bf1 Bxf3 14. exf3 c5 15. Rab1 b6 16. a4 Nc6 17. dxc5 dxc5 18. Bf4 Be5 19. Bh6 Rfd8 20. Rd5 e6 21. Rd3 Rxd3 22. Bxd3 Rd8 23. Be4 Na5 24. Qb5 Bxc3 25. Kg2 Qd7 26. Qa6 Bf6 27. h4 Qe7 28. Re1 Nb3 29. f4 Nd2 30. Bb7 Bg7 31. Bxg7 Kxg7 32. Rd1 Rd6 33. Qxa7 Nxc4 34. Rxd6 Nxd6 35. Bf3 Qxa7 0-1


[Site "https://www.chess.com"]

[Event "Titled Tuesday Blitz January 18 2022"]
[White "Lauridsen, Jesper Morch"]
[Black "Howell, David W L"]
[WhiteFideId "1401890"]
[BlackFideId "410608"]
[WhiteElo "2185"]
[BlackElo "2559"]
[Result "0-1"]
[Round "04"]
[TimeControl "180+1"]
[Date "2022.01.18"]
[WhiteClock "0:00:01"]
[BlackClock "0:01:12"]

1. e4 c5 2. Nf3 Nc6 3. d4 cxd4 4. Nxd4 Nf6 5. Nc3 e5 6. Ndb5 d6 7. Bg5 a6 8. Na3 b5 9. Bxf6 gxf6 10. Nd5 f5 11. Bxb5 axb5 12. Nxb5 Ra5 13. Nbc7+ Kd7 14. Qh5 Rxd5 15. Nxd5 Ke8 16. O-O Be6 17. Rad1 fxe4 18. f3 Bxd5 19. Rxd5 e3 20. f4 Qc7 21. fxe5 Nxe5 22. Qe2 Bh6 23. c3 Rg8 24. Kh1 Rg6 25. Qb5+ Kf8 26. a4 Kg7 27. Qe2 Qc6 28. Rdd1 Qxa4 0-1


[Site "https://www.chess.com"]

[Event "Titled Tuesday Blitz January 18 2022"]
[White "Le, Tuan Minh"]
[Black "Shkapenko, Pavel"]
[WhiteFideId "12401153"]
[BlackFideId "4151933"]
[WhiteElo "2450"]
[BlackElo "2386"]
[Result "1-0"]
[Round "04"]
[TimeControl "180+1"]
[Date "2022.01.18"]
[WhiteClock "0:00:11"]
[BlackClock "0:00:11"]

1. d4 Nf6 2. Nf3 e6 3. Bf4 c5 4. c3 cxd4 5. cxd4 Qb6 6. Qc2 Nc6 7. e3 Nb4 8. Qc1 Nfd5 9. Bg3 Qa5 10. Nbd2 Qa4 11. b3 Qa3 12. Qxa3 Nc2+ 13. Kd1 Nxa3 14. Rc1 Nb4 15. Ne4 Nxa2 16. Ra1 f5 17. Nd6+ Bxd6 18. Bxd6 Nc3+ 19. Kc1 Nab5 20. Bb4 b6 21. Ne5 Nd5 22. Bd2 Nd6 23. Nc4 Nxc4 24. bxc4 Nf6 25. f3 Bb7 26. Kb2 Kf7 27. Bd3 Rhc8 28. Rhc1 a5 29. Ka3 Ba6 30. Rab1 Rc6 31. Rb2 Rac8 32. Rbc2 d5 33. cxd5 Rxc2 34. dxe6+ Kxe6 35. Bxc2 b5 36. Bxa5 Nd5 37. Bd2 b4+ 38. Kb2 Kd6 39. e4 fxe4 40. fxe4 Nc3 41. Ra1 Bb5 42. Bf4+ Kc6 43. d5+ Kc5 44. Be3+ Kd6 45. Bf4+ Kc5 46. Ra7 Kb6 47. Be3+ Rc5 48. Rxg7 Bc4 49. d6 Kc6 50. Bxc5 1-0


[Site "https://www.chess.com"]

[Event "Titled Tuesday Blitz January 18 2022"]
[White "Lenderman, Aleksandr"]
[Black "Kononenko, Dmitry"]
[WhiteFideId "2021285"]
[BlackFideId "14113538"]
[WhiteElo "2651"]
[BlackElo "2257"]
[Result "1-0"]
[Round "04"]
[TimeControl "180+1"]
[Date "2022.01.18"]
[WhiteClock "0:01:12"]
[BlackClock "0:00:16"]

1. Nf3 c5 2. d4 cxd4 3. c3 dxc3 4. Nxc3 Nf6 5. e4 d6 6. Bc4 e6 7. O-O Be7 8. Qe2 O-O 9. Rd1 Qa5 10. Nb5 Rd8 11. Bd2 Qb6 12. Be3 Qa5 13. b4 Qxb4 14. Nc7 Nxe4 15. Bd4 d5 16. Bb3 Nc6 17. Nxa8 Nxd4 18. Rxd4 Qc5 19. Bc2 Bf6 20. Bxe4 Bxd4 21. Bxh7+ Kxh7 22. Qd3+ f5 23. Qxd4 Qxd4 24. Nxd4 e5 25. Nf3 e4 26. Nd4 a6 27. Nb6 f4 28. Rc1 Bg4 29. f3 Bh5 30. Rc7 Re8 31. Nxd5 exf3 32. Nf6+ Kh6 33. Nxe8 1-0


[Site "https://www.chess.com"]

[Event "Titled Tuesday Blitz January 18 2022"]
[White "Lorparizangeneh, Shahin"]
[Black "Xiong, Jeffery"]
[WhiteFideId "12521604"]
[BlackFideId "2047640"]
[WhiteElo "2525"]
[BlackElo "2727"]
[Result "0-1"]
[Round "04"]
[TimeControl "180+1"]
[Date "2022.01.18"]
[WhiteClock "0:00:04"]
[BlackClock "0:00:14"]

1. e4 e5 2. Nf3 d6 3. d4 exd4 4. Nxd4 Nf6 5. Nc3 Be7 6. g3 O-O 7. Bg2 Re8 8. O-O c6 9. a4 Nbd7 10. Nf5 Ne5 11. Nxe7+ Qxe7 12. f4 Ng6 13. b3 d5 14. Ba3 Qc7 15. exd5 Qb6+ 16. Kh1 Bf5 17. Qd2 h5 18. a5 Qxa5 19. Be7 Ne4 20. Nxe4 Qxd2 21. Nxd2 Rxe7 22. dxc6 bxc6 23. Ra5 Bxc2 24. Rc1 Bd3 25. Rxh5 Re2 26. Nc4 Rb8 27. Bf1 Be4+ 28. Kg1 Ra2 29. Re1 Bd5 30. Nd6 a5 31. f5 Nf8 32. Rg5 Nh7 33. Rg4 Nf6 34. Ra4 Rxa4 35. bxa4 Rb4 36. Ne8 Nxe8 37. Rxe8+ Kh7 38. Bd3 Rxa4 39. f6+ g6 40. Kf2 Ra3 41. Be2 a4 42. h4 Rc3 43. h5 gxh5 44. Bxh5 a3 45. Re1 a2 46. Be2 Kg6 47. Rg1 Kxf6 48. Ra1 Ke5 49. Ke1 Rxg3 50. Kd2 Kd4 0-1


[Site "https://www.chess.com"]

[Event "Titled Tuesday Blitz January 18 2022"]
[White "Lovkov, Roman"]
[Black "Sokolovsky, Yahli"]
[WhiteFideId "4157389"]
[BlackFideId "2820242"]
[WhiteElo "2371"]
[BlackElo "1770"]
[Result "0-1"]
[Round "04"]
[TimeControl "180+1"]
[Date "2022.01.18"]
[WhiteClock "0:00:06"]
[BlackClock "0:00:07"]

1. e4 g6 2. d4 Bg7 3. Nf3 d6 4. Bc4 e6 5. O-O Ne7 6. Bb3 O-O 7. Nc3 d5 8. e5 h6 9. Ne2 c5 10. c3 cxd4 11. cxd4 b6 12. Ng3 Ba6 13. Re1 Nbc6 14. Be3 Na5 15. Qd2 Kh7 16. h4 Nc4 17. Bxc4 dxc4 18. h5 Bb7 19. Nh2 Nf5 20. Ng4 Nxe3 21. Qxe3 Qh4 22. Qf4 gxh5 23. Nf6+ Bxf6 24. Qxf6 Qxf6 25. exf6 Rg8 26. Rac1 b5 27. b3 Rad8 28. bxc4 h4 29. Ne4 Rxd4 30. Nc5 Bxg2 31. f3 Rd2 32. Nb3 Bxf3+ 33. Kf1 Rh2 34. Re3 Rh3 35. Ke1 Rg2 36. Nd2 Rh1+ 37. Nf1 Bg4 38. Rcc3 h3 39. Rg3 Rxg3 40. Rxg3 Bf5 41. Kf2 Bd3 42. Ne3 h2 43. Rh3 Be4 44. cxb5 Kg6 45. Ng4 h5 46. Nxh2 Kxf6 47. Rxh5 Ke7 48. Rh4 Bd5 49. Kg3 Kd6 50. a4 Kc5 51. Rh7 e5 52. Rh5 f6 53. Rh6 e4 54. Rxf6 e3 55. Rf8 e2 56. Nf3 Bxf3 57. Rc8+ Kd4 58. Rd8+ Bd5 59. Re8 e1=Q+ 60. Rxe1 Rxe1 0-1


[Site "https://www.chess.com"]

[Event "Titled Tuesday Blitz January 18 2022"]
[White "Macovei, Andrei"]
[Black "Nguyen Hong Nhung"]
[WhiteFideId "13904680"]
[BlackFideId "12412201"]
[WhiteElo "2410"]
[BlackElo "1661"]
[Result "1-0"]
[Round "04"]
[TimeControl "180+1"]
[Date "2022.01.18"]
[WhiteClock "0:02:05"]
[BlackClock "0:00:48"]

1. e4 c5 2. Nf3 e6 3. g3 Nc6 4. Bg2 d6 5. O-O g6 6. c3 Bg7 7. d4 cxd4 8. cxd4 Nge7 9. Nc3 O-O 10. h4 h5 11. Bg5 Qb6 12. d5 f6 13. Be3 Qxb2 14. Na4 Qa3 15. dxc6 Nxc6 16. Bc1 Qb4 17. Qb3 Qxe4 18. Re1 Qf5 19. Ba3 Rd8 20. Rac1 Kh8 21. Rxc6 bxc6 22. Nd4 Qa5 23. Bb4 Qa6 24. Nxe6 Bxe6 25. Rxe6 c5 26. Bc3 Rab8 27. Qc2 Qc4 28. Rxf6 Qg4 29. Rxg6 Qxg6 30. Qxg6 Bxc3 31. Nxc3 Rd7 32. Nd5 Rg7 33. Qh6+ Kg8 34. Nf6+ Kf8 35. Bd5 Rb1+ 36. Kg2 Rb2 37. Qh8+ Ke7 38. Qxg7+ Kd8 39. Qd7# 1-0


[Site "https://www.chess.com"]

[Event "Titled Tuesday Blitz January 18 2022"]
[White "Maksimovic, Bojan"]
[Black "Budrewicz, Krzysztof"]
[WhiteFideId "14408120"]
[BlackFideId "1127950"]
[WhiteElo "2450"]
[BlackElo "2248"]
[Result "1/2-1/2"]
[Round "04"]
[TimeControl "180+1"]
[Date "2022.01.18"]
[WhiteClock "0:00:13"]
[BlackClock "0:00:17"]

1. c4 Nf6 2. Nc3 g6 3. e4 d6 4. d4 Bg7 5. Nf3 O-O 6. Be2 e5 7. d5 a5 8. Be3 Ng4 9. Bg5 f6 10. Bd2 f5 11. exf5 gxf5 12. h3 Nf6 13. Qc2 Na6 14. g4 f4 15. Ng5 Nc5 16. Nge4 b6 17. O-O-O Qe8 18. Bf3 Bd7 19. Nxf6+ Bxf6 20. h4 e4 21. Nxe4 Be5 22. Ng5 Qe7 23. Rhe1 Rae8 24. Bc3 h6 25. Bxe5 dxe5 26. Rxe5 Qg7 27. Rxe8 Rxe8 28. Ne6 Nxe6 29. dxe6 Bxe6 30. g5 hxg5 31. hxg5 Qxg5 32. Be4 Rd8 33. Re1 Bf7 34. b3 Kf8 35. f3 Qg3 36. Rd1 Rxd1+ 37. Qxd1 Qg5 38. Qd7 Qe5 39. Qd8+ Kg7 40. Kb1 a4 41. Qa8 axb3 42. axb3 Qc3 43. Qa3 Kf6 44. Qb2 Qxb2+ 45. Kxb2 Ke5 46. Kc3 c5 47. Kd3 Be6 48. Kc3 Bh3 49. Kd3 Bf1+ 50. Kc3 Kf6 51. b4 Kg5 52. bxc5 bxc5 53. Kb3 Kh4 54. Bd5 Kg3 55. Ka4 Be2 56. Kb5 Bxf3 57. Kxc5 Bxd5 58. cxd5 f3 59. d6 f2 60. d7 f1=Q 61. d8=Q Qc1+ 62. Kb6 Qb2+ 63. Kc7 Qc3+ 64. Kb7 Qb4+ 65. Kc8 Qc5+ 66. Kd7 Qd5+ 67. Ke8 Qxd8+ 68. Kxd8 1/2-1/2


[Site "https://www.chess.com"]

[Event "Titled Tuesday Blitz January 18 2022"]
[White "Maltsevskaya, Aleksandra"]
[Black "Aditya Mittal"]
[WhiteFideId "24174041"]
[BlackFideId "35042025"]
[WhiteElo "2283"]
[BlackElo "2287"]
[Result "0-1"]
[Round "04"]
[TimeControl "180+1"]
[Date "2022.01.18"]
[WhiteClock "0:00:02"]
[BlackClock "0:00:23"]

1. e4 c5 2. Nf3 d6 3. d4 cxd4 4. Nxd4 Nf6 5. Nc3 a6 6. g3 g6 7. Bg2 Bg7 8. O-O O-O 9. Re1 Bd7 10. Nd5 Nc6 11. Nxc6 Bxc6 12. c3 e6 13. Nb4 Qc7 14. Bf4 Rfd8 15. Qf3 Nd7 16. Nxc6 bxc6 17. Rad1 Ne5 18. Qe2 Rab8 19. b3 a5 20. Bg5 Re8 21. h4 h6 22. Be3 c5 23. h5 Kh7 24. f4 Nc6 25. hxg6+ fxg6 26. Kf2 Bxc3 27. Rh1 Bd4 28. Rc1 Qf7 29. Qg4 a4 30. Bf3 axb3 31. axb3 Rxb3 32. Bxd4 Nxd4 33. Bd1 Rb2+ 34. Kg1 Qg7 35. Rh2 Reb8 36. Rg2 Rxg2+ 37. Kxg2 Qb7 38. Kh3 Qb2 0-1


[Site "https://www.chess.com"]

[Event "Titled Tuesday Blitz January 18 2022"]
[White "Manukyan, Artyom"]
[Black "Kravtsiv, Martyn"]
[WhiteFideId "13305786"]
[BlackFideId "14113147"]
[WhiteElo "2034"]
[BlackElo "2694"]
[Result "0-1"]
[Round "04"]
[TimeControl "180+1"]
[Date "2022.01.18"]
[WhiteClock "0:00:02"]
[BlackClock "0:00:22"]

1. e4 e5 2. Nf3 Nc6 3. Bb5 a6 4. Bxc6 dxc6 5. O-O Bg4 6. h3 h5 7. d3 Qf6 8. Nbd2 Ne7 9. Re1 Ng6 10. d4 Bd6 11. hxg4 hxg4 12. Nh2 Rxh2 13. Qxg4 Rh4 14. Qf5 Rf4 15. Qxf6 Rxf6 16. Nf3 Rxf3 17. gxf3 exd4 18. e5 Be7 19. Re4 Nh4 20. f4 O-O-O 21. Re2 Kd7 22. Bd2 Ke6 23. Kh2 c5 24. Rh1 c4 25. Kg3 Nf5+ 26. Kg2 b5 27. a3 c5 28. Rh3 b4 29. axb4 cxb4 30. Re1 c3 31. bxc3 bxc3 32. Bc1 a5 33. Reh1 Rb8 34. Rh8 Rb1 35. Ra8 Ra1 36. Ra6+ Kd5 37. Ra7 Ra2 38. Kf3 g6 39. Ra6 Bb4 40. Re1 Rxc2 41. Ra7 d3 42. Be3 d2 43. Rd1 Nxe3 44. fxe3 Rc1 45. Ke2 Kc4 46. Rc7+ Kb3 47. f5 gxf5 48. e6 fxe6 49. e4 fxe4 50. Rc8 e3 51. Rc7 0-1


[Site "https://www.chess.com"]

[Event "Titled Tuesday Blitz January 18 2022"]
[White "Migot, Tangi"]
[Black "Perez Gormaz, Matias"]
[WhiteFideId "662445"]
[BlackFideId "3406342"]
[WhiteElo "2563"]
[BlackElo "2352"]
[Result "0-1"]
[Round "04"]
[TimeControl "180+1"]
[Date "2022.01.18"]
[WhiteClock "0:00:02"]
[BlackClock "0:00:04"]

1. e4 c5 2. Nf3 d6 3. Bb5+ Nd7 4. a4 Nf6 5. d3 e6 6. O-O Be7 7. Re1 O-O 8. c3 a6 9. Bc4 b6 10. d4 cxd4 11. cxd4 Bb7 12. Nc3 Nxe4 13. Nxe4 d5 14. Bd3 dxe4 15. Bxe4 Bxe4 16. Rxe4 Nf6 17. Re1 Qd5 18. Qd3 Rfc8 19. Bg5 h6 20. Bh4 Qc4 21. Qe3 Nd5 22. Qe4 Qc2 23. Qg4 Bxh4 24. Qxh4 Qxb2 25. Ne5 Qc2 26. Qh5 Qf5 27. Qxf5 exf5 28. Rec1 f6 29. Nf3 Kf7 30. Kf1 g5 31. g3 Ke6 32. Ke2 Kd6 33. h4 f4 34. g4 Re8+ 35. Kd2 Re4 36. Re1 Rxe1 37. Rxe1 Rc8 38. hxg5 hxg5 39. Rh1 Rc4 40. a5 bxa5 41. Rh6 Ke7 42. Rh7+ Ke6 43. Ra7 Nb4 44. Ra8 Rc2+ 45. Kd1 Rxf2 46. Nd2 Kd5 47. Rd8+ Kc6 48. Ne4 Rg2 49. Nxf6 f3 50. Ne4 Nd3 51. Rf8 Kd5 52. Nf6+ Kxd4 53. Rd8+ Ke3 54. Re8+ Kf4 55. Nd5+ Kxg4 56. Ne3+ Kg3 57. Rg8 Rg1+ 58. Kd2 Nf4 59. Rxg5+ Kf2 60. Rxg1 Kxg1 61. Ng4 f2 0-1


[Site "https://www.chess.com"]

[Event "Titled Tuesday Blitz January 18 2022"]
[White "Mokshanov, Alexey"]
[Black "Danielian, Vardan"]
[WhiteFideId "24121657"]
[BlackFideId "13301594"]
[WhiteElo "2141"]
[BlackElo "2521"]
[Result "1-0"]
[Round "04"]
[TimeControl "180+1"]
[Date "2022.01.18"]
[WhiteClock "0:00:20"]
[BlackClock "0:00:40"]

1. e4 c5 2. Nf3 d6 3. Bb5+ Bd7 4. Bxd7+ Qxd7 5. O-O Nf6 6. Qe2 Nc6 7. c3 e6 8. d4 cxd4 9. cxd4 Be7 10. Nc3 O-O 11. Bg5 h6 12. Bh4 Rac8 13. Rad1 Rfd8 14. d5 exd5 15. Bxf6 dxe4 16. Nxe4 Bxf6 17. Nxf6+ gxf6 18. Nh4 Ne5 19. Rd4 Ng6 20. Qh5 Rc5 21. Qxh6 Rg5 22. Re1 Re8 23. Rxe8+ Qxe8 24. Nf3 Qe2 25. h3 Ne5 26. Nxg5 Qe1+ 27. Kh2 Qxf2 28. Rh4 fxg5 29. Qh8# 1-0


[Site "https://www.chess.com"]

[Event "Titled Tuesday Blitz January 18 2022"]
[White "Muradli, Mahammad"]
[Black "Omelja, Artem"]
[WhiteFideId "13409301"]
[BlackFideId "14119846"]
[WhiteElo "2645"]
[BlackElo "2418"]
[Result "1-0"]
[Round "04"]
[TimeControl "180+1"]
[Date "2022.01.18"]
[WhiteClock "0:00:37"]
[BlackClock "0:00:02"]

1. d4 d5 2. c4 c6 3. Nf3 Nf6 4. e3 e6 5. Bd3 Nbd7 6. O-O dxc4 7. Bxc4 b5 8. Bd3 a6 9. a4 Bb7 10. b3 bxa4 11. Rxa4 c5 12. Ba3 Be7 13. Nc3 Nb6 14. dxc5 Nxa4 15. Nxa4 O-O 16. Qe2 Nd5 17. Rd1 Qc7 18. Nd4 Bf6 19. c6 Bxc6 20. Nxc6 Qxc6 21. Bxf8 Kxf8 22. Bc4 g6 23. Qf3 Rd8 24. g3 Be7 25. Qe4 Qa8 26. h4 Nc7 27. Rxd8+ Qxd8 28. Qe5 Qd6 29. Qh8# 1-0


[Site "https://www.chess.com"]

[Event "Titled Tuesday Blitz January 18 2022"]
[White "Nakamura, Hikaru"]
[Black "Bortnyk, Olexandr"]
[WhiteFideId "2016192"]
[BlackFideId "14120828"]
[WhiteElo "2850"]
[BlackElo "2723"]
[Result "1-0"]
[Round "04"]
[TimeControl "180+1"]
[Date "2022.01.18"]
[WhiteClock "0:00:08"]
[BlackClock "0:00:02"]

1. e4 Nf6 2. Nc3 d6 3. d4 e5 4. Nf3 Nbd7 5. Bc4 Be7 6. O-O O-O 7. Qe2 c6 8. a4 Qc7 9. h3 b6 10. d5 Bb7 11. dxc6 Bxc6 12. Bg5 Rac8 13. Nd2 Nc5 14. Bxf6 Bxf6 15. Nd5 Qd8 16. b3 Ne6 17. Ne3 Bg5 18. Rfd1 Nd4 19. Qd3 Bxe3 20. fxe3 Ne6 21. Bxe6 fxe6 22. Nc4 Qg5 23. Nxd6 Rcd8 24. Qc3 Rf3 25. Rd3 Rg3 26. Qd2 h5 27. Rf1 Rxd6 28. Rxd6 Bxe4 29. Rf2 Rxh3 30. Rd8+ Kh7 31. Rdf8 Qg3 32. Qd8 Qh2+ 33. Kf1 Rxe3 34. Rh8+ Kg6 35. Qe8+ Kg5 36. Qe7+ Kg4 37. Qxg7+ Kh4 38. Rxh5+ Kxh5 39. Qh8+ Kg4 40. Qxh2 1-0


[Site "https://www.chess.com"]

[Event "Titled Tuesday Blitz January 18 2022"]
[White "Nazaretyan, Tigran"]
[Black "Tsydypov, Zhamsaran"]
[WhiteFideId "24162345"]
[BlackFideId "4108566"]
[WhiteElo "2192"]
[BlackElo "2614"]
[Result "0-1"]
[Round "04"]
[TimeControl "180+1"]
[Date "2022.01.18"]
[WhiteClock "0:00:15"]
[BlackClock "0:01:19"]

1. d4 Nf6 2. c4 e6 3. Nf3 d5 4. Nc3 Bb4 5. e3 O-O 6. Bd3 dxc4 7. Bxc4 c5 8. O-O cxd4 9. exd4 b6 10. Bg5 Bb7 11. Rc1 h6 12. Bh4 Nbd7 13. Qe2 Be7 14. Rfe1 Re8 15. Ne5 Nxe5 16. dxe5 Nd7 17. Bg3 Nc5 18. Rcd1 Qc8 19. Nb5 Qc6 20. f3 a6 21. Nd6 Bxd6 22. exd6 b5 23. Bd3 Qd7 24. Rc1 Rac8 25. Bb1 Bd5 26. Red1 Qb7 27. Qc2 f5 28. Qxc5 Rxc5 29. Rxc5 Qb6 30. Rc1 Bc4 31. b4 f4 32. Bxf4 e5 33. d7 Rd8 34. Bxe5 Rxd7 35. Kh1 Qe6 36. a4 bxa4 37. h3 Bd5 38. Bc3 Bxf3 39. gxf3 Qxh3+ 40. Kg1 Qg3+ 41. Kh1 Qxf3+ 42. Kh2 Qe2+ 43. Kg3 Qe3+ 44. Kg2 Qxc1 45. Bg6 Rd2+ 46. Bxd2 Qxd2+ 47. Kf3 Kf8 48. Ke4 Qxb4+ 49. Kd5 Ke7 50. Rc7+ Kf6 51. Be4 Qa5+ 52. Rc5 Qd8+ 53. Kc4 g5 54. Rc6+ Ke5 55. Bc2 Qd4# 0-1


[Site "https://www.chess.com"]